 Dungeon Crawl Stone Soup version 0.29.0-4-gdea44cf6ec (webtiles) character file.

Game seed: 11086749789112995876

19001 qw the Cleaver (level 12, -5/76 HPs)
             Began as a Gargoyle Fighter on Sept 10, 2022.
             Was a High Priest of Okawaru.
             Slain by a komodo dragon (14 damage)
             ... on level 2 of the Lair of Beasts.
             The game lasted 00:04:09 (10376 turns).

qw the Cleaver (Gargoyle Fighter)                  Turns: 10376, Time: 00:04:09

Health: -5/76      AC: 29    Str: 29 (30) XL:     12   Next: 64%
Magic:  15/19      EV:  8    Int: 10      God:    Okawaru [*****.]
Gold:   640        SH: 18    Dex: 11 (12) Spells: 11/11 levels left

rFire   + . .      SeeInvis .   g - +1 war axe (spect)
rCold   . . .      Faith    .   r - +1 tower shield of Qinkath {Harm rPois rN++ Dex-3}
rNeg    + + +      Spirit   .   w - +0 plate armour
rPois   inf        Reflect  .   (no helmet)
rElec   +          Harm     +   (no cloak)
rCorr   .          Rampage  .   b - +0 pair of gloves
Will    .....                   t - +2 pair of boots
Stlth   ..........              e - amulet "Ymeor Elu" {rF+ Regen+}
HPRegen 1.02/turn               n - +6 ring of dexterity
MPRegen 0.16/turn               a - +6 ring of strength

@: about to teleport, heroic, finesse-ful
A: sickness immunity, AC +8, negative energy resistance 1, electricity
resistance, torment resistance 1, petrification resistance, hooves 1,
deterioration 1
a: Renounce Religion, Heroism, Finesse, Duel


You were on level 2 of the Lair of Beasts.
You worshipped Okawaru.
Okawaru was extremely pleased with you.
You visited 3 branches of the dungeon, and saw 16 of its levels.
You also visited: Sewer.

You collected 640 gold pieces.


Innate Abilities, Weirdness & Mutations

You are immune to sickness and miasma.
Your stone body is resilient. (AC +8)
You are immune to poison.
You resist negative energy. (rN+)
You are resistant to electric shocks. (rElec)
You are resistant to unholy torment.
You are immune to petrification.
You have large cloven feet.
Your body sometimes deteriorates upon taking damage.


   Skills:
 - Level 9.3(14.3) Fighting
 - Level 12.0(17.0) Axes
 - Level 1.0(6.0) Throwing
 - Level 8.0(13.0) Armour
 - Level 3.1(8.1) Dodging
 + Level 8.5(13.5) Shields
 - Level 10.1 Invocations


You had 11 spell levels left.
You didn't know any spells.
Your spell library was empty.

Inventory:

Hand Weapons
 g - a +1 spectral war axe (weapon)
 m - the +9 hammer of Conformity {elec, rCorr}
   (You found it on level 7 of the Dungeon)

   It occasionally discharges a powerful burst of electricity upon striking a
   foe.
   rCorr:     It protects you from acid and corrosion.
Armour
 b - a +0 pair of gloves (worn)
 r - the +1 tower shield of Qinkath (worn) {Harm rPois rN++ Dex-3}
   (Okawaru gifted it to you on level 1 of the Lair of Beasts)

   Dex:       It affects your dexterity (-3).
   rPois:     It protects you from poison.
   rN:        It greatly protects you from negative energy.
   Harm:      It increases damage dealt and taken.
 t - a +2 pair of boots (worn)
 w - a +0 plate armour (worn)
 y - a +0 kite shield
Jewellery
 a - a +6 ring of strength (right hand)
 e - the amulet "Ymeor Elu" (around neck) {rF+ Regen+}
   (You found it on level 8 of the Dungeon)

   [amulet of regeneration]

   rF:        It protects you from fire.
   Regen:     It increases your rate of health regeneration.
 n - a +6 ring of dexterity (left hand)
 x - a ring of ice
Scrolls
 c - a scroll of immolation {unknown}
 i - 5 scrolls of identify
 k - 2 scrolls of blinking
 q - a scroll of brand weapon
Potions
 d - 7 potions of might
 f - 3 potions of cancellation
 h - 8 potions of curing
 l - 2 potions of heal wounds
 o - 3 potions of resistance
 p - 4 potions of mutation
 s - a potion of attraction
 u - 2 potions of lignification
 v - 2 potions of haste

Dungeon Overview and Level Annotations

Branches:
Dungeon (13/15)            Temple (1/1) D:6            Lair (2/5) D:11
  Snake (0/4) Lair:2        Sewer (visited)
  Swamp: Lair:2-3    Shoals: Lair:2-3       Orc: D:9-12      Vaults: D:13-14

Altars:
Ashenzari
Cheibriados
Dithmenos
Elyvilon
Fedhas
Gozag
Hepliaklqana
Kikubaaqudgha
Makhleb
Nemelex Xobeh
Okawaru
Qazlal
Ru
Sif Muna
Trog
Uskayaw
Vehumet
Wu Jian
Xom
Yredelemnul
Zin
The Shining One

Shops:
D:2 [

Annotations:
D:7 1 runed translucent door, Crazy Yiuf
D:8 1 runed translucent door, qw's ghost, novice MiFi
D:13 11 runed doors


Message History

You slash the yak!
You kill the yak!
Okawaru accepts your kill.
You slash the yak!
Your +1 spectral war axe hits the yak!
The oklob plant spits acid at you. The splash of acid hits you.
You block the yak's attack.
You barely miss the yak.
The yak is almost dead.
Your +1 spectral war axe hits the yak.
You kill the yak!
Okawaru accepts your kill.
Your +1 spectral war axe hits the yak!
Your +1 spectral war axe hits the komodo dragon.
Found an amulet of regeneration.
You block the yak's attack. You block the komodo dragon's attack.
Things that are here:
11 gold pieces; a yak corpse; a yak corpse You closely miss the yak.
The yak is moderately wounded.
You hit the komodo dragon.
Your +1 spectral war axe hits the komodo dragon!
You block the yak's attack. You block the komodo dragon's attack.
You slash the komodo dragon!
The komodo dragon is severely wounded.
You closely miss the yak.
Your +1 spectral war axe hits the yak!
Your +1 spectral war axe hits the komodo dragon but does no damage.
You barely miss the yak.
The yak is severely wounded.
You barely miss the komodo dragon.
Your +1 spectral war axe hits the komodo dragon.
Your +1 spectral war axe hits the yak!
The yak gores you. The oklob plant spits acid at you.
The splash of acid hits you! You block the komodo dragon's attack.
10376 ||| READING scroll of teleportation.
As you read the scroll of teleportation, it crumbles to dust.
You feel strangely unstable. You block the yak's attack.
The komodo dragon bites you!
You die...

.. ....... .# .# ..#....
.###.##### ## .[.....
"#...#...##.### .......
.##........... .......
.##...... ......
..#...ยค#.##.#.#
.#.###..
......Y%##...####..##...
#.....l@..#.P..#P..###..
#.......................
#.......................
....)...................
..$PPP...........#.###..
.#/PPP:.......##.### #.#
#.PPP.......###### #
.....#.........#
#.......#.~#~..##


You could see an oklob plant, a komodo dragon and a yak.

Vanquished Creatures
  2 boulder beetles
  A hydra (Lair:1)
  Fannar (Lair:2)
  3 two-headed ogres
  3 elephants (Lair:1)
  An ice statue (D:9)
  Joseph (D:9)
  3 black mambas (Lair:2)
  4 cane toads
  4 komodo dragons
  2 shadows
  A wraith (D:10)
  2 wyverns
  A basilisk (Lair:1)
  18 yaks
  A golden eye (shapeshifter) (D:13)
  5 vampire mosquitoes
  Duvessa (D:4)
  A sky beast (D:7)
  A black bear (D:6)
  2 orc warriors
  15 water moccasins
  4 ice beasts
  3 ogres
  2 centaurs
  3 phantoms
  5 kobold brigands
  9 bullfrogs
  A necrophage (D:6)
  A gnoll sergeant (D:9)
  9 wights
  Dowan (D:4)
  4 killer bees (D:10)
  2 howler monkeys
  3 jellies
  5 orc priests
  4 hounds
  3 iguanas
  11 orc wizards
  3 gnolls (D:9)
  10 adders
  4 ufetubi
  2 worms
  2 dart slugs
  22 orcs
  9 bats
  8 endoplasms
  6 giant cockroaches
  9 goblins
  6 hobgoblins
  19 kobolds
  3 quokkas
  16 ball pythons
  2 frilled lizards
  4 rats
268 creatures vanquished.

Vanquished Creatures (others)
  15 fungi
  24 plants
39 creatures vanquished.

Grand Total: 307 creatures vanquished

Notes
Turn   | Place    | Note
-------+----------+-------------------------------------------
     0 | D:1      | qw the Gargoyle Fighter began the quest for the Orb.
     0 | D:1      | Reached XP level 1. HP: 14/14 MP: 1/1
     0 | D:1      | 0 ||| qw: Version: 0.1-a-116-g5d60599
     0 | D:1      | 0 ||| qw: Game counter: 7456
     0 | D:1      | 0 ||| qw: Always use a shield: true
     0 | D:1      | 0 ||| qw: God list: Okawaru
     0 | D:1      | 0 ||| qw: Allow faded altars: false
     0 | D:1      | 0 ||| qw: Do Orc after D:15 true
     0 | D:1      | 0 ||| qw: Do second Lair branch before Depths: true
     0 | D:1      | 0 ||| qw: Lair rune preference: random
     0 | D:1      | 0 ||| qw: Plans: Normal, Zot, God:TSO, Crypt, Tomb, Zig,
                  | Orb
     0 | D:1      | 0 ||| PLANNING D:1-11
   239 | D:1      | Reached skill level 2 in Axes
   273 | D:1      | 273 ||| Stepping ~*~*~tactically~*~*~ (stealth).
   275 | D:1      | 275 ||| Stepping ~*~*~tactically~*~*~ (stealth).
   284 | D:1      | Reached XP level 2. HP: 10/19 MP: 2/2
   684 | D:1      | Reached skill level 3 in Axes
   772 | D:1      | Reached XP level 3. HP: 23/23 MP: 3/3
   890 | D:1      | Found a faded altar of an unknown god.
  1210 | D:1      | 1210 ||| DROPPING +0 club.
  1285 | D:1      | 1285 ||| UPGRADING to +6 ring of dexterity.
  1286 | D:1      | 1286 ||| READING scroll labelled LOAMOX GIESM.
  1287 | D:1      | 1287 ||| READING scroll labelled PONTOX WUECA.
  1291 | D:1      | 1291 ||| READING scroll labelled JOCIFUM ZIA.
  1348 | D:1      | 1348 ||| READING scroll labelled KEASSASEAP.
  1349 | D:1      | 1349 ||| DRINKING 2 golden potions.
  1350 | D:1      | 1350 ||| DROPPING potion of flight.
  1397 | D:2      | 1397 ||| Stepping ~*~*~tactically~*~*~ (stealth).
  1410 | D:2      | 1410 ||| Stepping ~*~*~tactically~*~*~ (stealth).
  1420 | D:2      | 1420 ||| Stepping ~*~*~tactically~*~*~ (stealth).
  1475 | D:2      | Found Cataqeutu's Armour Boutique.
  1484 | D:2      | 1484 ||| SHOPLISTING +0 cloak (58 gold, have 33).
  1484 | D:2      | 1484 ||| SHOPLISTING +1 leather armour of fire resistance
                  | (182 gold, have 33).
  1484 | D:2      | 1484 ||| SHOPLISTING +2 leather armour of fire resistance
                  | (247 gold, have 33).
  1484 | D:2      | 1484 ||| SHOPLISTING +4 chain mail of cold resistance (409
                  | gold, have 33).
  1627 | D:2      | Reached skill level 1 in Dodging
  1634 | D:2      | Reached XP level 4. HP: 23/28 MP: 4/4
  1910 | D:2      | 1910 ||| Stepping ~*~*~tactically~*~*~ (stealth).
  2037 | D:2      | Identified the +3 dagger of the Enormous God {protect,
                  | rPois rC+ Int+4}
  2146 | D:2      | Reached skill level 4 in Axes
  2152 | D:2      | 2152 ||| UPGRADING to +6 ring of strength.
  2153 | D:2      | 2153 ||| READING scroll labelled PEBAOL PEIV.
  2154 | D:2      | 2154 ||| READING scroll labelled TIAQ UBUUTA.
  2155 | D:2      | 2155 ||| READING scroll labelled HEAPOY AKHEPESUTUA.
  2251 | D:3      | Reached XP level 5. HP: 32/32 MP: 5/5
  2261 | D:3      | 2261 ||| DROPPING +0 whip.
  2377 | D:3      | Found a hide-covered altar of Uskayaw.
  2625 | D:3      | 2625 ||| Stepping ~*~*~tactically~*~*~ (hiding).
  2627 | D:3      | 2627 ||| Stepping ~*~*~tactically~*~*~ (hiding).
  2744 | D:3      | Found a white marble altar of Elyvilon.
  2914 | D:3      | 2914 ||| UPGRADING to +2 pair of boots.
  2919 | D:3      | 2919 ||| UPGRADING to amulet of regeneration.
  2924 | D:3      | 2924 ||| READING 2 scrolls labelled NOC NIFOK GYID.
  2925 | D:3      | 2925 ||| READING scroll of enchant weapon.
  2925 | D:3      | 2925 ||| ENCHANTING +0 spectral war axe.
  2926 | D:3      | 2926 ||| READING 2 scrolls labelled UVUFENTU POOM.
  2927 | D:3      | 2927 ||| DRINKING 3 red potions.
  2928 | D:3      | 2928 ||| DRINKING 3 sedimented puce potions.
  2929 | D:3      | 2929 ||| DRINKING 2 purple potions.
  2929 | D:3      | Gained mutation: Your body sometimes deteriorates upon
                  | taking damage. [potion of mutation]
  2929 | D:3      | Gained mutation: You have large cloven feet. [potion of
                  | mutation]
  2930 | D:3      | 2930 ||| DROPPING 2 potions of brilliance.
  2931 | D:3      | 2931 ||| DROPPING scroll of butterflies.
  2955 | D:4      | 2955 ||| PLANNING SEWER
  2985 | D:4      | Noticed a phantom
  2988 | D:4      | Killed a phantom
  2989 | D:4      | Reached skill level 5 in Axes
  2989 | D:4      | Reached XP level 6. HP: 37/37 MP: 6/6
  3159 | D:4      | Noticed Dowan
  3162 | D:4      | Noticed Duvessa
  3164 | D:4      | Killed Dowan
  3169 | D:4      | Killed Duvessa
  3170 | D:4      | Reached skill level 6 in Axes
  3170 | D:4      | Reached XP level 7. HP: 32/43 MP: 7/7
  3172 | D:4      | 3172 ||| FLEEEEING.
  3173 | D:4      | 3173 ||| FLEEEEING.
  3174 | D:4      | 3174 ||| FLEEEEING.
  3241 | D:4      | 3241 ||| Stepping ~*~*~tactically~*~*~ (stealth).
  3242 | D:4      | 3242 ||| Stepping ~*~*~tactically~*~*~ (stealth).
  3592 | D:4      | Found a glowing drain.
  3593 | D:4      | 3593 ||| DRINKING 2 viscous cyan potions.
  3602 | Sewer    | Entered a sewer
  3627 | Sewer    | Reached skill level 7 in Axes
  3813 | Sewer    | 3813 ||| UPGRADING to +0 chain mail.
  3823 | Sewer    | 3823 ||| DROPPING +0 scale mail.
  3824 | Sewer    | 3824 ||| READING scroll labelled OFIQON MAMOEP.
  3825 | Sewer    | 3825 ||| DRINKING 2 orange potions.
  3840 | D:4      | 3840 ||| PLANNING D:1-11
  3877 | D:5      | Entered Level 5 of the Dungeon
  3878 | D:5      | 3878 ||| Stepping ~*~*~tactically~*~*~ (hiding).
  3882 | D:5      | 3882 ||| FLEEEEING.
  3883 | D:5      | 3883 ||| FLEEEEING.
  3889 | D:5      | Reached skill level 1 in Throwing
  3889 | D:5      | Reached XP level 8. HP: 44/49 MP: 8/8
  3907 | D:5      | HP: 11/49 [orc/+3 mace of protection (7)]
  3908 | D:5      | 3908 ||| READING scroll of teleportation.
  3909 | D:5      | 3909 ||| DRINKING 3 potions of heal wounds.
  3916 | D:5      | 3916 ||| Stepping ~*~*~tactically~*~*~ (stealth).
  3940 | D:5      | 3940 ||| Stepping ~*~*~tactically~*~*~ (stealth).
  3941 | D:5      | 3941 ||| Stepping ~*~*~tactically~*~*~ (stealth).
  3942 | D:5      | 3942 ||| Stepping ~*~*~tactically~*~*~ (stealth).
  3943 | D:5      | 3943 ||| Stepping ~*~*~tactically~*~*~ (stealth).
  3945 | D:5      | 3945 ||| Stepping ~*~*~tactically~*~*~ (stealth).
  3952 | D:5      | 3952 ||| Stepping ~*~*~tactically~*~*~ (hiding).
  3958 | D:5      | Reached skill level 8 in Axes
  4051 | D:5      | 4051 ||| Stepping ~*~*~tactically~*~*~ (stealth).
  4052 | D:5      | 4052 ||| Stepping ~*~*~tactically~*~*~ (stealth).
  4061 | D:5      | 4061 ||| Stepping ~*~*~tactically~*~*~ (stealth).
  4091 | D:5      | Noticed a wyvern
  4095 | D:5      | Killed a wyvern
  4170 | D:5      | Reached skill level 6 in Fighting
  4425 | D:5      | 4425 ||| UPGRADING to +0 pair of gloves.
  4430 | D:5      | 4430 ||| UPGRADING to +0 plate armour.
  4440 | D:5      | 4440 ||| DROPPING +0 chain mail.
  4441 | D:5      | 4441 ||| READING scroll labelled BAFIHO ABONA.
  4442 | D:5      | 4442 ||| READING 4 scrolls of identify.
  4442 | D:5      | 4442 ||| IDENTIFYING white potion
  4443 | D:5      | 4443 ||| READING 3 scrolls of identify.
  4443 | D:5      | 4443 ||| IDENTIFYING dark potion
  4444 | D:5      | 4444 ||| READING 2 scrolls of identify.
  4444 | D:5      | 4444 ||| IDENTIFYING pink potion
  4445 | D:5      | 4445 ||| DROPPING potion of berserk rage.
  4446 | D:5      | 4446 ||| DROPPING potion of ambrosia.
  4487 | D:6      | Found a blossoming altar of Fedhas.
  4495 | D:6      | 4495 ||| Stepping ~*~*~tactically~*~*~ (stealth).
  4496 | D:6      | 4496 ||| Stepping ~*~*~tactically~*~*~ (stealth).
  4497 | D:6      | 4497 ||| Stepping ~*~*~tactically~*~*~ (stealth).
  4513 | D:6      | Noticed a shadow
  4514 | D:6      | 4514 ||| Stepping ~*~*~tactically~*~*~ (stealth).
  4516 | D:6      | 4516 ||| Stepping ~*~*~tactically~*~*~ (stealth).
  4523 | D:6      | Reached XP level 9. HP: 55/55 MP: 9/9
  4600 | D:6      | Found a staircase to the Ecumenical Temple.
  4601 | D:6      | 4601 ||| PLANNING TEMPLE
  4601 | D:6      | 4601 ||| READING scroll labelled HUASMA UPLALE.
  4602 | D:6      | 4602 ||| READING 2 scrolls of identify.
  4602 | D:6      | 4602 ||| IDENTIFYING lumpy clear potion
  4609 | Temple   | Entered the Ecumenical Temple
  4759 | Temple   | 4759 ||| PLANNING D:1-11
  4767 | Temple   | Became a worshipper of Warmaster Okawaru
  4806 | D:6      | 4806 ||| Stepping ~*~*~tactically~*~*~ (stealth).
  4876 | D:6      | 4876 ||| Stepping ~*~*~tactically~*~*~ (hiding).
  4886 | D:6      | Reached skill level 9 in Axes
  4922 | D:6      | 4922 ||| Stepping ~*~*~tactically~*~*~ (stealth).
  4924 | D:6      | 4924 ||| Stepping ~*~*~tactically~*~*~ (hiding).
  4936 | D:6      | 4936 ||| Stepping ~*~*~tactically~*~*~ (stealth).
  4949 | D:6      | 4949 ||| Stepping ~*~*~tactically~*~*~ (hiding).
  5063 | D:6      | 5063 ||| Stepping ~*~*~tactically~*~*~ (stealth).
  5064 | D:6      | 5064 ||| Stepping ~*~*~tactically~*~*~ (stealth).
  5222 | D:6      | 5222 ||| READING scroll labelled LIMOTU ZEPNINLO.
  5223 | D:6      | 5223 ||| READING 2 scrolls of identify.
  5223 | D:6      | 5223 ||| IDENTIFYING coppery potion
  5367 | D:7      | 5367 ||| Stepping ~*~*~tactically~*~*~ (stealth).
  5373 | D:7      | Reached * piety under Okawaru
  5374 | D:7      | 5374 ||| INVOKING Heroism.
  5380 | D:7      | Reached skill level 1 in Invocations
  5435 | D:7      | Reached skill level 6 in Armour
  5583 | D:7      | 5583 ||| DROPPING +0 hammer of holy wrath.
  5584 | D:7      | Found a runed translucent door.
  5584 | D:7      | Identified the +9 hammer of Conformity {elec, rCorr}
  5584 | D:7      | Found the +6 shillelagh "Devastator" {shatter}
  5586 | D:7      | 5586 ||| DROPPING +0 flail.
  5587 | D:7      | Noticed Crazy Yiuf
  5906 | D:7      | 5906 ||| READING scroll labelled EJIDAN NUON.
  5969 | D:8      | Noticed qw's ghost (novice MiFi)
  5972 | D:8      | Found a runed translucent door.
  6011 | D:8      | Noticed a two-headed ogre
  6012 | D:8      | 6012 ||| INVOKING Heroism.
  6017 | D:8      | Killed a two-headed ogre
  6018 | D:8      | Reached XP level 10. HP: 63/63 MP: 9/13
  6046 | D:8      | Identified the +3 ring mail "Ygrofemp" {rN++ Str+2 Int+2}
  6064 | D:8      | 6064 ||| INVOKING Heroism.
  6109 | D:8      | 6109 ||| Stepping ~*~*~tactically~*~*~ (stealth).
  6134 | D:8      | Identified the amulet "Ymeor Elu" {rF+ Regen+}
  6179 | D:8      | 6179 ||| Stepping ~*~*~tactically~*~*~ (hiding).
  6180 | D:8      | 6180 ||| Stepping ~*~*~tactically~*~*~ (hiding).
  6366 | D:8      | Found a shimmering blue altar of Sif Muna.
  6437 | D:8      | Noticed a two-headed ogre
  6438 | D:8      | 6438 ||| INVOKING Heroism.
  6447 | D:8      | Killed a two-headed ogre
  6447 | D:8      | Reached ** piety under Okawaru
  6448 | D:8      | Reached skill level 10 in Axes
  6760 | D:8      | 6760 ||| INVOKING Heroism.
  6787 | D:8      | Found a hazy altar of Hepliaklqana.
  6852 | D:8      | 6852 ||| UPGRADING to amulet "Ymeor Elu" {rF+ Regen+}.
  6862 | D:8      | 6862 ||| DROPPING amulet of regeneration.
  6863 | D:8      | 6863 ||| DROPPING amulet of magic regeneration.
  6864 | D:8      | 6864 ||| READING 2 scrolls of identify.
  6864 | D:8      | 6864 ||| IDENTIFYING metallic grey potion
  6865 | D:8      | 6865 ||| DROPPING potion of degeneration.
  6872 | D:9      | Found a shimmering altar of Xom.
  6966 | D:9      | 6966 ||| Stepping ~*~*~tactically~*~*~ (hiding).
  6968 | D:9      | 6968 ||| Stepping ~*~*~tactically~*~*~ (hiding).
  6969 | D:9      | 6969 ||| Stepping ~*~*~tactically~*~*~ (hiding).
  6970 | D:9      | 6970 ||| Stepping ~*~*~tactically~*~*~ (hiding).
  6976 | D:9      | 6976 ||| Stepping ~*~*~tactically~*~*~ (hiding).
  6998 | D:9      | 6998 ||| Stepping ~*~*~tactically~*~*~ (stealth).
  7003 | D:9      | 7003 ||| Stepping ~*~*~tactically~*~*~ (hiding).
  7004 | D:9      | 7004 ||| Stepping ~*~*~tactically~*~*~ (hiding).
  7040 | D:9      | 7040 ||| Stepping ~*~*~tactically~*~*~ (stealth).
  7179 | D:9      | 7179 ||| INVOKING Heroism.
  7225 | D:9      | Noticed an ice statue
  7226 | D:9      | 7226 ||| INVOKING Heroism.
  7230 | D:9      | Noticed Joseph
  7238 | D:9      | Paralysed by Joseph for 2 turns
  7244 | D:9      | Killed Joseph
  7255 | D:9      | Killed an ice statue
  7281 | D:9      | Identified the +2 scale mail of Conscience {rElec Str+2
                  | Dex+3}
  7319 | D:9      | 7319 ||| Stepping ~*~*~tactically~*~*~ (stealth).
  7329 | D:9      | 7329 ||| Stepping ~*~*~tactically~*~*~ (stealth).
  7332 | D:9      | 7332 ||| Stepping ~*~*~tactically~*~*~ (stealth).
  7467 | D:9      | Reached *** piety under Okawaru
  7560 | D:9      | Found a basalt altar of Yredelemnul.
  7571 | D:9      | Reached XP level 11. HP: 63/68 MP: 14/14
  7726 | D:9      | 7726 ||| READING 2 scrolls of identify.
  7726 | D:9      | 7726 ||| IDENTIFYING fuming amethyst potion
  7727 | D:9      | 7727 ||| DROPPING potion of invisibility.
  7759 | D:10     | Entered Level 10 of the Dungeon
  7840 | D:10     | Reached skill level 11 in Axes
  7940 | D:10     | Noticed a two-headed ogre
  7941 | D:10     | 7941 ||| INVOKING Heroism.
  7950 | D:10     | Killed a two-headed ogre
  7951 | D:10     | Reached skill level 9 in Fighting
  7961 | D:10     | Reached **** piety under Okawaru
  7962 | D:10     | Reached skill level 3 in Dodging
  8061 | D:10     | 8061 ||| INVOKING Heroism.
  8114 | D:10     | 8114 ||| Stepping ~*~*~tactically~*~*~ (stealth).
  8116 | D:10     | 8116 ||| Stepping ~*~*~tactically~*~*~ (stealth).
  8177 | D:10     | Identified the +7 dagger of Pautilah {vorpal, *Rage rF+ rN+
                  | Int+2}
  8251 | D:10     | You fall into a shaft and drop 3 floors!
  8257 | D:13     | 8257 ||| DROPPING ring of willpower.
  8258 | D:13     | 8258 ||| READING scroll labelled VOIX RALESOJAFRAST.
  8359 | D:13     | 8359 ||| READING scroll labelled BOEZUGHUIPH.
  8361 | D:13     | 8361 ||| Stepping ~*~*~tactically~*~*~ (stealth).
  8362 | D:13     | Noticed a boulder beetle
  8363 | D:13     | 8363 ||| INVOKING Heroism.
  8371 | D:13     | Noticed a boulder beetle
  8381 | D:13     | HP: 15/71 [boulder beetle (20)]
  8382 | D:13     | 8382 ||| READING scroll of teleportation.
  8383 | D:13     | 8383 ||| DRINKING 3 potions of heal wounds.
  8402 | D:13     | Found a huge runed gate.
  8402 | D:13     | Found a huge runed gate.
  8404 | D:13     | Found a huge runed gate.
  8404 | D:13     | Found a huge runed gate.
  8404 | D:13     | Found a huge runed gate.
  8408 | D:13     | Found a huge runed gate.
  8408 | D:13     | Found a huge runed gate.
  8408 | D:13     | Found a huge runed gate.
  8409 | D:13     | Found a huge runed gate.
  8410 | D:13     | Found a huge runed gate.
  8411 | D:13     | Found a huge runed gate.
  8436 | D:11     | Found a staircase to the Lair.
  8530 | D:11     | 8530 ||| DROPPING scarf of invisibility.
  8680 | D:10     | 8680 ||| PLANNING LAIR
  8772 | Lair:1   | Entered Level 1 of the Lair of Beasts
  8776 | Lair:1   | 8776 ||| INVOKING Heroism.
  8787 | Lair:1   | Reached skill level 6 in Invocations
  8794 | Lair:1   | Reached ***** piety under Okawaru
  8834 | Lair:1   | 8834 ||| INVOKING Heroism.
  8894 | Lair:1   | 8894 ||| INVOKING Heroism.
  8952 | Lair:1   | 8952 ||| Stepping ~*~*~tactically~*~*~ (stealth).
  8960 | Lair:1   | 8960 ||| Stepping ~*~*~tactically~*~*~ (stealth).
  8967 | Lair:1   | 8967 ||| INVOKING Heroism.
  8969 | Lair:1   | 8969 ||| Stepping ~*~*~tactically~*~*~ (stealth).
  8970 | Lair:1   | 8970 ||| Stepping ~*~*~tactically~*~*~ (stealth).
  8979 | Lair:1   | 8979 ||| Stepping ~*~*~tactically~*~*~ (stealth).
  8984 | Lair:1   | Noticed a four-headed hydra
  8985 | Lair:1   | 8985 ||| INVOKING Finesse.
  8993 | Lair:1   | 8993 ||| SWAPPING to +9 hammer of Conformity {elec, rCorr}.
  8998 | Lair:1   | Killed a four-headed hydra
  8999 | Lair:1   | 8999 ||| SWAPPING to +1 spectral war axe.
  9186 | Lair:1   | Reached XP level 12. HP: 76/76 MP: 18/18
  9256 | Lair:1   | Identified the +1 tower shield of Qinkath {Harm rPois rN++
                  | Dex-3} (Okawaru gifted it to you on level 1 of the Lair of
                  | Beasts)
  9256 | Lair:1   | Received a gift from Okawaru
  9285 | Lair:1   | Reached skill level 12 in Axes
  9495 | Lair:1   | Reached skill level 6 in Shields
  9501 | Lair:1   | Noticed a boulder beetle
  9502 | Lair:1   | 9502 ||| INVOKING Heroism.
  9503 | Lair:1   | 9503 ||| INVOKING Finesse.
  9508 | Lair:1   | Killed a boulder beetle
  9773 | Lair:1   | 9773 ||| UPGRADING to +1 tower shield of Qinkath {Harm
                  | rPois rN++ Dex-3}.
  9783 | Lair:1   | 9783 ||| DROPPING +0 buckler.
  9797 | Lair:2   | Noticed a boulder beetle
  9798 | Lair:2   | 9798 ||| INVOKING Heroism.
  9799 | Lair:2   | 9799 ||| INVOKING Finesse.
  9813 | Lair:2   | Killed a boulder beetle
  9814 | Lair:2   | Reached skill level 9 in Invocations
  9913 | Lair:2   | 9913 ||| Stepping ~*~*~tactically~*~*~ (stealth).
  9919 | Lair:2   | 9919 ||| INVOKING Heroism.
  9943 | Lair:2   | Found a staircase to the Snake Pit.
 10102 | Lair:2   | Noticed Fannar
 10108 | Lair:2   | 10108 ||| INVOKING Heroism.
 10112 | Lair:2   | Killed Fannar
 10251 | Lair:2   | 10251 ||| INVOKING Heroism.
 10333 | Lair:2   | 10333 ||| FLEEEEING.
 10352 | Lair:2   | 10352 ||| INVOKING Heroism.
 10353 | Lair:2   | 10353 ||| INVOKING Finesse.
 10375 | Lair:2   | HP: 17/76 [yak (7)]
 10375 | Lair:2   | HP: 8/76 [oklob plant/splash of acid (9)]
 10376 | Lair:2   | 10376 ||| READING scroll of teleportation.
 10376 | Lair:2   | Slain by a komodo dragon

Levels and vault maps discovered:
D:1:      zaba_arrival_water, layout_loops_ring,
          ebering_ecumenical_altar_sacrificial, minivault_25,
          chequers_serial_rivers_micro_a
D:2:      layout_loops_ring, serial_shops, shop
D:3:      layout_loops_ring, lemuel_round_altar, eat_drink_and_be_merry_uskayaw,
          mrwooster_statue_mirror
D:4:      layout_basic, portal_sewer_entry_d, minmay_misc_feat_secret_circle,
          minmay_misc_feat_ornament, uniq_duvessa
D:5:      layout_rooms, serial_bayou_pond_d
D:6:      layout_rooms, fedhas_ov_isle_minmay, minmay_temple_entry_metal_lava
D:7:      layout_gridville, uniq_crazy_yiuf_cottage
D:8:      layout_basic, kennysheep_mini_moat, led_sif_pool,
          hellmonk_ghost_big_iron
D:9:      layout_long_grid, mainiacjoe_overflow_concentric_impassable,
          marbit_many_paths, minivault_16, minmay_misc_feat_four_crosses,
          kennysheep_small_circle, uniq_joseph
D:10:     layout_irregular_city
D:11:     layout_loops_ring, lair_entry_dummy, portal_ice_cave_demonic_guard,
          uniq_maurice
D:12:     layout_rooms, serial_shops, shop, minmay_misc_feat_alley, uniq_sonja
D:13:     layout_rooms, erik_vaults_2, gammafunk_ghost_door_vault, uniq_urug
Temple:   nicolae_temple_bog_church
Lair:1:   layout_cave_pods, small_statue_intersection, fungi_pond_lemuel,
          st_stairs_3, lemuel_fruit_tree
Lair:2:   layout_gridlike, minmay_snake_entry_six_corridors,
          minmay_lair_oklob_bushes, minmay_lindwurm_lava, uniq_fannar

Skill      XL: |  1  2  3  4  5  6  7  8  9 10 11 12 |
---------------+-------------------------------------+-----
Axes           | 2 3 4 5 6 7 8 9 10 11 12 | 12.0
Dodging        | 1 2 3 |  3.1
Fighting       | 4 5 6 7 8 9 |  9.3
Throwing       | 1 |  1.0
Armour         | 4 6 7 8 |  8.0
Shields        | 4 5 8 |  8.5
Invocations    | 4 8 10 | 10.1

Action                   |  1- 3 |  4- 6 |  7- 9 | 10-12 || total
-------------------------+-------+-------+-------+-------++-------
Melee: War axe           |   125 |    69 |   128 |   292 ||   614
       Mace              |       |       |       |     4 ||     4
Throw: Boomerang         |       |    27 |    54 |     8 ||    89
Invok: Heroism           |       |       |     2 |    18 ||    20
       Finesse           |       |       |       |     4 ||     4
  Use: Scroll            |     4 |     6 |    11 |     6 ||    27
       Potion            |     1 |     3 |     3 |     1 ||     8
 Stab: Distracted        |       |       |     1 |    11 ||    12
Armor: Scale mail        |    70 |    27 |     5 |       ||   102
       Chain mail        |       |       |    15 |       ||    15
       Plate armour      |       |       |    24 |    87 ||   111
Dodge: Dodged            |    63 |    26 |    27 |    69 ||   185
Block: Buckler           |    27 |    12 |    14 |    38 ||    91
       Tower shield      |       |       |       |    48 ||    48

Table legend:
 A = Non-vault XP
 B = Vault XP
 C = Vault XP percentage of total XP
 D = Non-vault monster count
 E = Vault monster count
 F = Vault count percentage of total count
                 A         B        C        D         E       F
            +---------+---------+-------+---------+---------+-------
      Total |   20890 |    6255 |  23.0 |     225 |      43 |  16.0
            +---------+---------+-------+---------+---------+-------
        D:1 |      50 |       0 |   0.0 |      30 |       0 |   0.0
        D:2 |     100 |       0 |   0.0 |      21 |       0 |   0.0
        D:3 |      89 |       0 |   0.0 |      15 |       0 |   0.0
        D:4 |     279 |     221 |  44.2 |      14 |       3 |  17.6
        D:5 |    1135 |       0 |   0.0 |      30 |       0 |   0.0
        D:6 |    1160 |       0 |   0.0 |      18 |       0 |   0.0
        D:7 |     811 |       0 |   0.0 |       8 |       0 |   0.0
        D:8 |    2369 |       0 |   0.0 |      14 |       0 |   0.0
        D:9 |    1140 |    1536 |  57.4 |      20 |       6 |  23.1
       D:10 |    2785 |       0 |   0.0 |      17 |       0 |   0.0
       D:13 |     566 |       0 |   0.0 |       3 |       0 |   0.0
     Lair:1 |    7694 |     367 |   4.6 |      26 |       1 |   3.7
     Lair:2 |    2712 |    3715 |  57.8 |       9 |      14 |  60.9
      Sewer |       0 |     416 | 100.0 |       0 |      19 | 100.0
            +---------+---------+-------+---------+---------+-------
